 Dungeon Crawl Stone Soup version 0.24.0-123-gd5b16e6ec5 (webtiles) character file.

Game seed: 5006478221132728486, levelgen mode: deterministic

610 Emblim88 the Fighter (level 7, 0/94 HPs)
             Began as a Demonspawn Abyssal Knight on Jan 6, 2020.
             Was a Priest of Lugonu.
             Succumbed to a scorpion's poison
             ... on level 4 of the Dungeon.
             The game lasted 00:07:11 (4400 turns).

Emblim88 the Fighter (Demonspawn Abyssal Knight)    Turns: 4400, Time: 00:07:11

Health: 0/94       AC:  7    Str: 18    XL:     7   Next: 20%
Magic:  2/10       EV:  8    Int: 15    God:    Lugonu [***...]
Gold:   172        SH: 12    Dex: 14    Spells: 6/6 levels left

rFire    . . .     SeeInvis .   a - +1 hand axe
rCold    . . .     Gourm    .   b - +0 shield
rNeg     . . .     Faith    .   e - +0 scale mail
rPois    .         Spirit   +   (no helmet)
rElec    .         Reflect  .   p - +0 cloak
rCorr    +         Harm     .   (no gloves)
MR       .....     Clarity  +   (no boots)
Stlth    ..........             (no amulet)
HPRegen  0.25/turn              k - ring of resist corrosion
MPRegen  0.24/turn              (no ring)

@: mighty, berserking (expiring), lethally poisoned (0 -> -8), very quick
A: large bone plates 1, agile 1, clarity, nightstalker 2, magic shield, magic
regeneration
a: Depart the Abyss, Bend Space, Banish, Renounce Religion


You were on level 4 of the Dungeon.
You worshipped Lugonu.
Lugonu was most pleased with you.
You were hungry.

You visited 1 branch of the dungeon, and saw 4 of its levels.
You visited the Abyss 1 time.

You collected 172 gold pieces.

Inventory:

Hand Weapons
 a - a +1 hand axe (weapon)
Missiles
 q - 5 atropa-tipped darts (quivered)
 r - 24 poisoned darts
Armour
 b - a +0 shield (worn)
 e - a +0 scale mail (worn)
 p - a +0 cloak (worn)
Jewellery
 k - a ring of resist corrosion (left hand)
Scrolls
 f - a scroll of enchant weapon {unknown}
 g - a scroll of fear {unknown}
 i - 3 scrolls of remove curse {unknown}
 j - 3 scrolls of teleportation {unknown}
 l - 3 scrolls of identify {unknown}
 m - a scroll of amnesia {unknown}
 n - 2 scrolls of noise {unknown}
 s - 2 scrolls of magic mapping {unknown}
 t - a scroll of fog {unknown}
Potions
 d - a potion of might
 o - a potion of mutation
 u - a potion of agility {unknown}
Comestibles
 c - 6 rations


   Skills:
 + Level 8.9 Fighting
 + Level 7.8 Axes
 + Level 2.9 Armour
 + Level 2.4 Dodging
 + Level 0.9 Shields
 + Level 4.1 Invocations


You had 6 spell levels left.
You didn't know any spells.
Your spell library was empty.

Dungeon Overview and Level Annotations

Branches:
Dungeon (4/15)
 Temple: D:4-7

Altars:
Ashenzari
Qazlal


Innate Abilities, Weirdness & Mutations

You are partially covered in large bone plates. (SH +4)
You are significantly more attuned to the shadows.
When hurt, damage is shared between your health and your magic reserves.
You regenerate magic rapidly.
You are agile. (Dex +2)
You possess an exceptional clarity of mind.


Message History

* * * LOW HITPOINT WARNING * * *
You feel sick. You block the iguana's attack. The scorpion stings you.
* * * LOW HITPOINT WARNING * * *
You slash the scorpion!
You kill the scorpion!
Lugonu accepts your kill.
You hit the iguana.
* * * LOW HITPOINT WARNING * * *
You feel sick. The iguana bites you.
You slash the iguana!
You kill the iguana!
Lugonu accepts your kill.
* * * LOW HITPOINT WARNING * * *
You feel sick.
* * * LOW HITPOINT WARNING * * *
You feel sick.
There is a lethal amount of poison in your body!
You are too berserk!
You feel a strong urge to attack something.
You die...

##### ##.#.## ##..#..#
#......### ##........#
#........## .
#.........### ..
##@.##......# ### ..#
#......#...#####.#
..###......###........
....†...... #.........
_....†..... ###.......
........... #.##....
..###...... ...##....
..#E#...#.. #..##....
..###..##.. ###....


There were no monsters in sight!

Vanquished Creatures
  An ogre (D:4)
  A scorpion (D:4)
  A hound (D:4)
  Crazy Yiuf (D:3)
  An orc priest (D:4)
  2 iguanas (D:4)
  Terence (D:2)
  2 worker ants (D:4)
  3 gnolls (D:3)
  4 adders
  3 worms
  3 dart slugs
  2 leopard geckos
  8 orcs
  8 goblins
  4 hobgoblins
  4 jackals (D:3)
  7 kobolds
  2 quokkas (D:2)
  A ball python (D:1)
  A ball python skeleton (D:4)
  9 bats
  3 frilled lizards
  A quokka skeleton (D:4)
  8 rats
81 creatures vanquished.

Notes
Turn   | Place    | Note
-------+----------+-------------------------------------------
     0 | Abyss:1  | Emblim88 the Demonspawn Abyssal Knight began the quest for
                  | the Orb.
     0 | Abyss:1  | Reached XP level 1. HP: 18/18 MP: 2/2
    56 | Abyss:1  | Noticed a large abomination
    57 | D:1      | Escaped the Abyss
   109 | D:1      | Reached skill level 1 in Dodging
   169 | D:1      | Reached * piety under Lugonu
   314 | D:1      | Gained mutation: You are slightly more attuned to the
                  | shadows. [demonic ancestry]
   314 | D:1      | Reached XP level 2. HP: 21/24 MP: 4/4
  1083 | D:2      | Gained mutation: When hurt, damage is shared between your
                  | health and your magic reserves. [demonic ancestry]
  1083 | D:2      | Reached XP level 3. HP: 29/29 MP: 5/5
  1108 | D:2      | Found a faded altar of an unknown god.
  1121 | D:2      | Noticed Terence
  1140 | D:2      | Killed Terence
  1437 | D:2      | Found a shattered altar of Ashenzari.
  1564 | D:2      | Gained mutation: You are partially covered in large bone
                  | plates. (SH +4) [demonic ancestry]
  1564 | D:2      | Reached XP level 4. HP: 24/35 MP: 3/6
  1711 | D:2      | Reached ** piety under Lugonu
  2252 | D:3      | Gained mutation: You are agile. (Dex +2) [potion of
                  | mutation]
  2252 | D:3      | Gained mutation: You possess an exceptional clarity of
                  | mind. [potion of mutation]
  2253 | D:3      | Reached skill level 8 in Fighting
  2253 | D:3      | Reached XP level 5. HP: 13/51 MP: 2/7
  2764 | D:3      | Found a runed translucent door.
  2765 | D:3      | Noticed Crazy Yiuf
  3062 | D:3      | Killed Crazy Yiuf
  3062 | D:3      | Gained mutation: You regenerate magic rapidly. [demonic
                  | ancestry]
  3062 | D:3      | Reached XP level 6. HP: 13/57 MP: 3/8
  3865 | D:4      | Reached *** piety under Lugonu
  4190 | D:4      | Gained mutation: You are significantly more attuned to the
                  | shadows. [demonic ancestry]
  4190 | D:4      | Reached XP level 7. HP: 34/63 MP: 7/10
  4372 | D:4      | Found a stormy altar of Qazlal.
  4372 | D:4      | Noticed a fire elemental
  4394 | D:4      | HP: 3/63 [poisoned by a scorpion]
  4398 | D:4      | HP: 1/94 [poisoned by a scorpion]
  4400 | D:4      | Succumbed to a scorpion's poison

Levels and vault maps discovered:
D:1:      dpeg_arrival_houses_and_road, layout_loops_corners
D:2:      layout_loops_ring, nicolae_overflow_crystal_walls,
          chequers_ecumenical_altar_simple, uniq_terence
D:3:      layout_loops_ring, first_ration, kennysheep_minor_cross,
          uniq_crazy_yiuf_cottage
D:4:      layout_cave_pools, nicolae_qazlal_style_of_elements

Skill      XL: |  1  2  3  4  5  6 |
---------------+-------------------+-----
Dodging        | 1 2 |  2.4
Axes           | 2 7 |  7.8
Armour         | 2 |  2.9
Invocations    | 3 4 |  4.1
Fighting       | 8 |  8.9
Shields        | |  0.9

Action                   |  1- 3 |  4- 6 |  7- 9 || total
-------------------------+-------+-------+-------++-------
Melee: Hand axe          |   111 |   256 |    22 ||   389
Invok: Depart the Abyss  |     1 |       |       ||     1
  Use: Potion            |     1 |     4 |     2 ||     7
 Stab: Sleeping          |     1 |       |       ||     1
  Eat: Ration            |     1 |     1 |       ||     2
       Chunk             |       |     4 |       ||     4
Armor: Leather armour    |     7 |       |       ||     7
       Scale mail        |    40 |    81 |     6 ||   127
Dodge: Dodged            |    50 |    97 |     9 ||   156
Block: Other             |       |    29 |       ||    29
       Shield            |       |    48 |    14 ||    62
